 Dungeon Crawl Stone Soup version 0.25-a0-185-g6cfeca75b2 (webtiles) character file.

Game seed: 8208702380278763908, levelgen mode: deterministic

80 vurker the Gusty (level 4, 0/25 HPs)
             Began as a Tengu Air Elementalist on Nov 27, 2019.
             Slain by an orc
             ... wielding a +0 mace
              (5 damage)
             ... on level 2 of the Dungeon.
             The game lasted 00:03:40 (2315 turns).

vurker the Gusty (Tengu Air Elementalist)           Turns: 2315, Time: 00:03:40

Health: 0/25       AC:  2    Str:  8    XL:     4   Next: 39%
Magic:  7/9        EV: 12    Int: 17    God:
Gold:   79         SH:  0    Dex: 14    Spells: 3/8 levels left

rFire    . . .     SeeInvis .   c - +0 dagger
rCold    . . .     Gourm    .   (no shield)
rNeg     . . .     Faith    .   a - +0 robe
rPois    .         Spirit   .   (helmet restricted)
rElec    .         Reflect  .   (no cloak)
rCorr    .         Harm     .   (no gloves)
MR       .....                  (boots unavailable)
Stlth    ++........             (no amulet)
HPRegen  0.08/turn              (no ring)
MPRegen  0.11/turn              (no ring)

@: no status effects
A: beak, talons 3
a: no special abilities


You were on level 2 of the Dungeon.
You were not hungry.

You visited 1 branch of the dungeon, and saw 3 of its levels.

You collected 79 gold pieces.

Inventory:

Hand Weapons
 c - a +0 dagger (weapon)
   (You took it off a kobold on level 1 of the Dungeon)
Armour
 a - a +0 robe (worn)
Scrolls
 g - a scroll of enchant armour {unknown}
 h - a scroll of immolation {unknown}
 i - a scroll of remove curse {unknown}
 j - a scroll of teleportation {unknown}
 l - a scroll of magic mapping {unknown}
Potions
 d - a potion of heal wounds {unknown}
 f - a potion of berserk rage {unknown}
 k - a potion of haste {unknown}
Comestibles
 b - 3 chunks of flesh
 e - 2 rations


   Skills:
 + Level 1.1 Fighting
 - Level 2.1 Dodging
 - Level 2.0 Stealth
 * Level 2.7 Spellcasting
 * Level 3.0 Conjurations
 * Level 5.0 Air Magic


You had 3 spell levels left.
You knew the following spells:

 Your Spells              Type           Power        Failure   Level  Hunger
a - Shock                 Conj/Air       ###.         3%          1    #......
c - Airstrike             Air            ###.......   22%         4    #####..

Your spell library contained the following spells:

 Spells                   Type           Power        Failure   Level  Hunger
 Swiftness                Chrm/Air       ##......     10%         2    ##.....
 Static Discharge         Conj/Air       ###.....     11%         3    ###....
 Lightning Bolt           Conj/Air       ###.......   67%         5    ######.


Dungeon Overview and Level Annotations

Branches:
Dungeon (3/15)

Altars:

Annotations:
D:2 1 exclusion, Sigmund


Innate Abilities, Weirdness & Mutations

You have a beak for a mouth.
You have claws for feet.


Message History

The weapon returns to the orc!
The orc throws a boomerang.
The boomerang barely misses you.
The weapon returns to the orc!
Aim: an orc, wielding a +0 dagger and wearing a +0 leather armour (lightly wounded)
You miscast Shock.
You are very lightly contaminated with residual magic.
Nothing appears to happen.
The orc hits you with a +0 dagger.
Aim: an orc, wielding a +0 dagger and wearing a +0 leather armour (lightly wounded)
The zap hits the orc but does no damage.
The zap hits the orc.
The orc hits you but does no damage.
Aim: an orc, wielding a +0 dagger and wearing a +0 leather armour (lightly wounded)
The zap hits the orc. x2
You kill the orc!
Your Air Magic skill increases to level 5!
The orc barely misses you.
Aim: an orc, wielding a +0 dagger and wearing a +0 leather armour (moderately wounded)
The zap hits the orc but does no damage.
The orc hits you with a +0 dagger.
Aim: an orc, wielding a +0 dagger and wearing a +0 leather armour (moderately wounded)
The zap hits the orc.
You kill the orc!
You don't have enough magic to cast that spell.
Things that are here:
a +0 dagger; a +0 leather armour; an orc corpse You butcher the orc corpse.
b - 3 chunks of flesh
Things that are here:
a +0 dagger; a +0 leather armour; an orc skeleton
Things that are here:
a +0 short sword; 3 boomerangs; a +0 leather armour There isn't anything to butcher here.
There is a stone staircase leading down here.
You start resting.
Your magical contamination has completely faded away.
You start resting.
You climb downwards.
The orc hits you with a +0 mace! The worm bites you!
* * * LOW HITPOINT WARNING * * *
There is a stone staircase leading up, spattered with blood here.
The orc misses you. The worm misses you.
You climb upwards.
Level annotation: 1 exclusion, Sigmund
There is a stone staircase leading down here.
You can't see that place. [Stash: a +0 leather armour (...2)] [the floor.]
Okay, then.
The zap hits the orc. x2; The orc barely misses you.
The zap misses the orc.
The zap hits the worm. x2; The zap misses the orc.
The orc hits you with a +0 mace.
You die...

#.# #.# #.# #.# #.# #.# #.# #.#
##.#### #.# ......#
################.# ......#
#.............##.# ..[...#
#.###########.##.# ......#
#.#....#@ow.#[##.#
......###.#)##.#.##.#[##.########
......'.......)(....>..#........#
......###.#<##.#.#..(..#######.##
......# #.####.#.#...........#.#
......# #.# #.#.#.....#.###.#.#
......###.## #.#.#.....#...#.#.#
......#....###.#.###...###...#.#
##.####........#.......#######.#


You could see a worm and an orc.

Vanquished Creatures
  2 adders (D:2)
  2 dart slugs (D:2)
  A leopard gecko (D:2)
  3 orcs
  5 bats (D:2)
  9 giant cockroaches
  7 hobgoblins
  3 ball pythons
  2 frilled lizards (D:1)
  7 goblins
  4 kobolds
  7 rats
52 creatures vanquished.

Notes
Turn   | Place    | Note
-------+----------+-------------------------------------------
     0 | D:1      | vurker the Tengu Air Elementalist began the quest for the
                  | Orb.
     0 | D:1      | Reached XP level 1. HP: 10/10 MP: 4/4
   165 | D:1      | Reached XP level 2. HP: 15/15 MP: 3/6
   509 | D:1      | Reached XP level 3. HP: 20/20 MP: 1/7
  1492 | D:2      | Reached skill level 1 in Fighting
  1492 | D:2      | Reached XP level 4. HP: 25/25 MP: 4/8
  1538 | D:2      | Learned a level 4 spell: Airstrike
  1750 | D:2      | Noticed Sigmund
  2225 | D:2      | Reached skill level 5 in Air Magic
  2315 | D:2      | Slain by an orc

Levels and vault maps discovered:
D:1:      wheals_arrival_shading, layout_rooms, minmay_worlds_worst_comb
D:2:      layout_basic, serial_glass, glass_columns_a, glass_columns_c,
          uniq_sigmund
D:3:      wander_river, layout_rooms, dk_noncrumbling_2, minmay_statues_item,
          kennysheep_doodads, nicolae_tso_carved_into_rock, uniq_jessica,
          uniq_robin

Skill      XL: |  1  2  3  4 |
---------------+-------------+-----
Conjurations   | 2 3 |  3.0
Fighting       | 1 |  1.1
Air Magic      | 5 |  5.0
Dodging        | |  2.1
Stealth        | |  2.0
Spellcasting   | |  2.7

Action                   |  1- 3 |  4- 6 || total
-------------------------+-------+-------++-------
Melee: Unarmed           |    11 |       ||    11
       Kick              |     6 |       ||     6
       Peck              |     1 |       ||     1
       Dagger            |     5 |       ||     5
 Cast: Shock             |    73 |    29 ||   102
  Eat: Chunk             |     2 |     3 ||     5
Armor: Robe              |     3 |     2 ||     5
Dodge: Dodged            |    13 |     8 ||    21

Table legend:
 A = Non-vault XP
 B = Vault XP
 C = Vault XP percentage of total XP
 D = Non-vault monster count
 E = Vault monster count
 F = Vault count percentage of total count
                 A         B        C        D         E       F
            +---------+---------+-------+---------+---------+-------
      Total |     107 |       8 |   7.0 |      48 |       4 |   7.7
            +---------+---------+-------+---------+---------+-------
        D:1 |      36 |       8 |  18.2 |      24 |       4 |  14.3
        D:2 |      67 |       0 |   0.0 |      22 |       0 |   0.0
        D:3 |       4 |       0 |   0.0 |       2 |       0 |   0.0
            +---------+---------+-------+---------+---------+-------
